 Dungeon Crawl Stone Soup version 0.29.1-15-g9cfb28693d (webtiles) character file.

Game seed: 7691999614532334673

38 Heoruswealwe the Conjurer (level 3, -2/19 HPs)
             Began as a Deep Elf Conjurer on Mar 7, 2023.
             Slain by a gnoll
             ... wielding a +0 flail
              (8 damage)
             ... on level 2 of the Dungeon.
             The game lasted 00:11:45 (1098 turns).

Heoruswealwe the Conjurer (Deep Elf Conjurer)       Turns: 1098, Time: 00:11:47

Health: -2/19      AC:  2    Str:  4    XL:     3   Next: 25%
Magic:  1/10       EV: 12    Int: 24    God:
Gold:   119        SH:  0    Dex: 13    Spells: 9/10 levels left

rFire   . . .      SeeInvis .   i - +0 falchion
rCold   . . .      Faith    .   (no shield)
rNeg    . . .      Spirit   .   a - +0 robe
rPois   .          Reflect  .   (no helmet)
rElec   .          Harm     .   (no cloak)
rCorr   .          Rampage  .   (no gloves)
Will    .....                   (no boots)
Stlth   ++........              (no amulet)
HPRegen 0.06/turn               (no ring)
MPRegen 0.12/turn               (no ring)

@: very slightly contaminated
A: no striking features
a: no special abilities


You were on level 2 of the Dungeon.
You visited 1 branch of the dungeon, and saw 2 of its levels.

You collected 119 gold pieces.

Inventory:

Hand Weapons
 i - a +0 falchion (weapon)
Armour
 a - a +0 robe (worn)
Magical Staves
 h - a staff of poison
Scrolls
 c - a scroll of enchant weapon {unknown}
 g - 2 scrolls of teleportation {unknown}
 j - a scroll of noise {unknown}
 k - a scroll of immolation {unknown}
Potions
 b - a potion of magic
 d - a potion of mutation {unknown}
 e - a potion of brilliance {unknown}
 f - a potion of lignification {unknown}
 l - a potion of attraction {unknown}
 m - a potion of curing {unknown}


   Skills:
 - Level 2.4 Dodging
 - Level 2.4 Stealth
 + Level 4.2 Spellcasting
 + Level 5.0 Conjurations


You had 9 spell levels left.
You knew the following spells:

 Your Spells              Type           Power      Damage    Failure   Level
a - Magic Dart            Conj           100%       1d8       1%          1

Your spell library contained the following spells:

 Spells                   Type           Power      Damage    Failure   Level
 Searing Ray              Conj           58%        2d6       1%          2
 Dazzling Flash           Conj/Hex       34%        N/A       10%         3
 Fulminant Prism          Conj/Hex       8%         3d7       32%         4
 Iskenderun's Mystic Bla  Conj/Tloc      17%        2d5       32%         4


Dungeon Overview and Level Annotations

Branches:
Dungeon (2/15)

Altars:

Shops:
D:1 (((


Message History

Found a ring mail.
The magic dart hits the dart slug.
The dart slug is heavily wounded.
The magic dart hits the gnoll.
The gnoll is lightly wounded.
The magic dart hits the gnoll.
The gnoll is moderately wounded.
A gnoll comes into view. It is wielding a +0 flail.
The magic dart hits the gnoll!
The gnoll is almost dead.
The gnoll misses you.
The magic dart hits the gnoll.
You kill the gnoll!
Your Conjurations skill increases to level 5!
You have reached level 3!
Your experience leads to an increase in your attributes!
Increase (S)trength, (I)ntelligence, or (D)exterity?
You feel clever. x2
The magic dart hits the dart slug.
You kill the dart slug!
A gnoll comes into view. It is wielding a +0 flail.
The magic dart hits the gnoll.
The gnoll is heavily wounded.
The gnoll shouts!
The magic dart hits the gnoll.
The gnoll is heavily wounded.
The magic dart hits the gnoll.
The gnoll is heavily wounded.
The gnoll hits you with a +0 flail!
Ouch! That really hurt!
You are too injured to fight recklessly!
Casting: Magic Dart (safe; 1% risk of failure)
Confirm with . or Enter, or press ? or * to list all spells.
Aiming: Magic Dart (safe; 1% risk of failure)
Press: ? - help, Shift-Dir - straight line, f/p - gnoll
Aim: a gnoll, wielding a +0 flail and wearing a +0 robe (heavily wounded, 100% to hit)
You miscast Magic Dart.
You are very lightly contaminated with residual magic.
Nothing appears to happen.
The gnoll hits you with a +0 flail!
You die...

#.## ...#.##.#. .##
......... ..#### #!...[...
.....####### #..#
...........# #g.#
.###.#####.# #..###...
.###.# #.# #........
..##.#####.#########)#######
................@gg.........
).##.#####)########.########
####.# ##.## #....#
#.####.#.####.####
#.....###.....#
#########†#.######
...........## ############


You could see 2 gnolls.

Vanquished Creatures
  A gnoll (D:2)
  A dart slug (D:2)
  3 ball pythons
  2 bats (D:1)
  2 endoplasms (D:1)
  3 goblins (D:1)
  4 hobgoblins (D:1)
  2 quokkas
  A frilled lizard (D:1)
  3 kobolds
  4 rats
26 creatures vanquished.

Vanquished Creatures (others)
  12 plants (D:1)
12 creatures vanquished.

Grand Total: 38 creatures vanquished

Notes
Turn   | Place    | Note
-------+----------+-------------------------------------------
     0 | D:1      | Heoruswealwe the Deep Elf Conjurer began the quest for the
                  | Orb.
     0 | D:1      | Reached XP level 1. HP: 10/10 MP: 6/6
   105 | D:1      | Found Nyugeox's Antique Weapon Emporium.
   289 | D:1      | Reached XP level 2. HP: 15/15 MP: 2/8
   290 | D:1      | Found Harghune's Antique Weapon Boutique.
   329 | D:1      | Found Ginog's Weapon Emporium.
  1090 | D:2      | Reached skill level 5 in Conjurations
  1090 | D:2      | Reached XP level 3. HP: 19/19 MP: 5/10
  1098 | D:2      | Slain by a gnoll

Illustrated notes

Levels and vault maps discovered:
D:1:      lightli_arrival_statuegarden, layout_basic, serial_shops,
          nicolae_shop_overgrown_old_shop, nicolae_shop_bloodbath_and_beyond,
          nicolae_diamond_shop, glass_columns_a
D:2:      layout_loops_ring

Skill      XL: |  1  2 |
---------------+-------+-----
Spellcasting   | 4 |  4.2
Conjurations   | 5 |  5.0
Dodging        | |  2.4
Stealth        | |  2.4

Action                   || total
-------------------------++-------
Melee: Dagger            ||    53
       Unarmed           ||     1
       Punch             ||     1
       Falchion          ||     1
 Cast: Magic Dart        ||    42
Dodge: Dodged            ||     4
